 Dungeon Crawl Stone Soup version 0.30-a0-860-g512cf1e979 (webtiles) character file.

Game seed: 12610972240119212742

9 jasper the Sneak (level 2, 0/29 HPs)
             Began as a Troll Delver on Mar 7, 2023.
             Splashed by a jelly's acid (12 damage)
             ... on level 5 of the Dungeon.
             The game lasted 00:00:13 (40 turns).

jasper the Sneak (Troll Delver)                       Turns: 40, Time: 00:00:14

Health: 0/29       AC: -4    Str: 19    XL:     2   Next: 3%
Magic:  1/1        EV:  9    Int:  6    God:
Gold:   0          SH:  0    Dex: 11    Spells: 1/1 levels left

rFire   . . .      SeeInvis .      - Unarmed
rCold   . . .      Faith    .    (no shield)
rNeg    . . .      Spirit   .    a - +0 robe
rPois   .          Reflect  .    (helmet restricted)
rElec   .          Rampage  .    (no cloak)
rCorr   .                        (gloves unavailable)
Will    .....                    (boots unavailable)
Stlth   ++                       (no amulet)
HPRegen 1.04/turn                (no ring)
MPRegen 0.07/turn                (no ring)

@: corroded
A: large, unfitting armour, claws 3, regeneration 1, shaggy fur 1, tough skin 1
a: no special abilities


You were on level 5 of the Dungeon.
You visited 1 branch of the dungeon, and saw 1 of its levels.

Inventory:

Armour
 a - a +0 robe (worn)
Wands
 f - a wand of digging (3)
Scrolls
 b - a scroll of fog
 c - a scroll of magic mapping
 d - a scroll of fear
 g - a scroll of enchant armour {unknown}
Potions
 e - a potion of haste


   Skills:
 + Level 2.6 Fighting
 - Level 1.5 Dodging
 - Level 2.7 Stealth
 * Level 2.5 Unarmed Combat


You had one spell level left.
You didn't know any spells.
Your spell library was empty.

Dungeon Overview and Level Annotations

Branches:
Dungeon (5/15)
 Temple: D:4-7

Altars:


Innate Abilities, Weirdness & Mutations

You are too large for most types of armour.
You have claws for hands.
Your natural rate of healing is unusually fast.
You are covered in fur. (AC +1)
You have tough skin. (AC +1)


Message History

Welcome, jasper the Troll Delver.
Will you be the one to retrieve the sublime Orb of Zot from the depths?
Press ? for a list of commands and other information.
Found a stone staircase leading down.
There is a stone staircase leading down here.
Found 6 stones.
You see here a +0 heavy hand axe.
An adder comes into view.
Found a scroll labelled ERUSUT FATH.
The adder hisses angrily.
You closely miss the adder. The adder bites you.
You take 1 damage, and have 21/22 hp.
You claw the adder!
You kill the adder!
You have reached level 2!
Health restored: 29; MP restored: 1
Found 11 gold pieces and a chain mail.
Found an escape hatch in the floor.
Found 10 gold pieces.
A jelly comes into view.
A scorpion comes into view.
You see here a scroll labelled ERUSUT FATH.
g - a scroll labelled ERUSUT FATH The jelly quivers.
There are no items here.
You scratch the jelly.
Your claws burn!
The jelly is heavily wounded.
The jelly hits you but does no damage.
You take 3 damage, and have 26/29 hp.
You scratch the jelly. The acid corrodes you!
Your claws burn!
The jelly is almost dead.
The jelly hits you. The acid corrodes you!
You are splashed with acid!
You take 12 damage, and have 14/29 hp.
MASSIVE DAMAGE!!
You scratch the jelly but do no damage.
Your claws burn!
The jelly is almost dead.
The jelly barely misses you.
You take 1 damage, and have 13/29 hp.
You barely miss the jelly.
The jelly is almost dead.
The jelly hits you.
You are splashed with acid!
You die...

#.#.## #....########
#.........# ### #.........#
##.#
.###########.).......###..#
...........#..........>..##
s........$.#.#########.###
.............##### #.#
#...$.....@......... #.#
#......(..J....[.... #.#
####................ #.#
#................ #.#
#....#######..... #.#
#....# ..... #....# ....>
+....#


You could see a jelly.

Vanquished Creatures
  An adder (D:5)
1 creature vanquished.

Notes
Turn   | Place    | Note
-------+----------+-------------------------------------------
     0 | D:5      | jasper the Troll Delver began the quest for the Orb.
     0 | D:5      | Reached XP level 1. HP: 22/22 MP: 0/0
    25 | D:5      | Reached XP level 2. HP: 29/29 MP: 1/1
    31 | D:5      | Noticed a scorpion
    40 | D:5      | Splashed by a jelly's acid

Illustrated notes

Levels and vault maps discovered:
D:5:      layout_basic, serial_shops, nicolae_shop_advertising_works
          [nicolae_subvault_shop_adworks], corner_web_ring, grunt_ministairs_4

Action                     || total
---------------------------++-------
  Melee: Unarmed           ||     6
 Armour: Robe              ||     1
  Dodge: Dodged            ||     1

Table legend: (Time is in decaauts)
 A = Elapsed time spent in this place.
 B = Non-inter-level travel time spent in this place.
 C = Inter-level travel time spent in this place.
 D = Time resting spent in this place.
 E = Time spent auto-exploring this place.
 F = Levels seen in this place.
 G = Mean time per level.
                   A        B        C        D        E       F      G
               +--------+--------+--------+--------+--------+-----+--------+
         Total |     39 |     39 |      0 |      0 |     14 |   1 |   39.0 |
       Dungeon |     39 |     39 |      0 |      0 |     14 |   1 |   39.0 |
               +--------+--------+--------+--------+--------+-----+--------+

Top non-repeatable levels by time:
     D:5: 39 daAuts
